 Dungeon Crawl Stone Soup version 0.27-a0-1217-g8a41f320e8 (webtiles) character file.

Game seed: 5277323452530809964

3952 27snakeeyes612 the Cleaver (level 10, -1/86 HPs)
             Began as a Minotaur Fighter on June 6, 2021.
             Was a Believer of Makhleb.
             Slain by a vampire (4 damage)
             ... on level 8 of the Dungeon.
             The game lasted 00:07:50 (9024 turns).

27snakeeyes612 the Cleaver (Minotaur Fighter)       Turns: 9024, Time: 00:07:50

Health: -1/86      AC: 14    Str: 24    XL:     10   Next: 2%
Magic:  9/9        EV:  6    Int:  5    God:    Makhleb [**....]
Gold:   366        SH: 12    Dex: 10    Spells: 9/9 levels left

rFire    + . .     SeeInvis .   y - +4 hand axe (freeze)
rCold    x . .     Faith    .   c - +1 kite shield
rNeg     . . .     Spirit   .   i - +0 plate armour
rPois    .         Reflect  .   (helmet restricted)
rElec    .         Harm     .   (no cloak)
rCorr    .         Rampage  .   (no gloves)
Will     .....                  (no boots)
Stlth    ..........             (no amulet)
HPRegen  0.24/turn              h - ring of fire
MPRegen  0.11/turn              (no ring)

@: flying
A: horns 2, retaliatory headbutt
a: Renounce Religion, Minor Destruction


You were on level 8 of the Dungeon.
You worshipped Makhleb.
Makhleb was pleased with you.
You visited 2 branches of the dungeon, and saw 9 of its levels.

You collected 366 gold pieces.

Inventory:

Hand Weapons
 a - a +1 war axe
 y - a +4 hand axe of freezing (weapon)
Missiles
 u - a throwing net
Armour
 b - a +0 scale mail
 c - a +1 kite shield (worn)
 i - a +0 plate armour (worn)
 j - a +0 chain mail
Jewellery
 h - a ring of fire (left hand)
 o - a ring of fire
 p - a +4 ring of evasion
 v - a +6 ring of intelligence
Wands
 e - a wand of flame (33)
Scrolls
 g - 3 scrolls of identify
 k - 2 scrolls of blinking
 n - a scroll of magic mapping {unknown}
 s - a scroll of fear
 t - 2 scrolls of enchant weapon
 z - a scroll of teleportation {unknown}
 A - 2 scrolls of noise {unknown}
 B - a scroll of torment {unknown}
Potions
 d - a potion of might
 f - a potion of flight
 l - a potion of attraction
 m - a potion of mutation
 q - a potion of haste {unknown}
 r - 2 potions of brilliance
 w - a potion of ambrosia {unknown}
 x - 2 potions of berserk rage {unknown}


   Skills:
 + Level 7.1 Fighting
 + Level 11.2 Axes
 + Level 8.9 Armour
 + Level 2.5 Dodging
 + Level 0.8 Stealth
 + Level 8.4 Shields
 + Level 0.3 Evocations


You had 9 spell levels left.
You didn't know any spells.
Your spell library contained the following spells:

 Spells                   Type           Power      Damage    Failure   Level
 Animate Skeleton         Necr           0%         N/A       100%        1
 Magic Dart               Conj           0%         1d3       100%        1
 Pain                     Necr           0%         1d4       100%        1
 Searing Ray              Conj           0%         3d3       100%        2
 Dazzling Flash           Conj/Hex       0%         N/A       100%        3
 Vampiric Draining        Necr           0%         2d6       100%        3
 Animate Dead             Necr           0%         N/A       100%        4
 Fulminant Prism          Conj/Hex       0%         3d6       100%        4
 Iskenderun's Mystic Bla  Conj/Tloc      0%         2d3       100%        4
 Agony                    Necr           0%         N/A       100%        5


Dungeon Overview and Level Annotations

Branches:
Dungeon (8/15)             Temple (1/1) D:4
   Lair: D:8-11

Altars:
Ashenzari
Cheibriados
Dithmenos
Elyvilon
Fedhas
Gozag
Hepliaklqana
Kikubaaqudgha
Makhleb
Nemelex Xobeh
Okawaru
Qazlal
Ru
Sif Muna
Trog
Uskayaw
Vehumet
Wu Jian
Xom
Yredelemnul
Zin
The Shining One

Shops:
D:3 =


Innate Abilities, Weirdness & Mutations

You have a pair of horns on your head.
You reflexively headbutt those who attack you in melee.


Message History

Something bites you!
Something draws strength from your injuries!
You hit something but do no damage. Something hits you but does no damage.
Something bites you but does no damage.
You miss something. Something hits you but does no damage.
Something bites you but does no damage.
You hit something. You freeze something.
You hear some strange, mumbled words.
You are confused.
You barely miss something. Something hits you but does no damage.
Something bites you but does no damage.
You miss something. You headbutt something. You closely miss something.
You headbutt something! Something hits you.
Something bites you but does no damage.
You're too confused to move!
Something hits you but does no damage. Something bites you but does no damage.
You closely miss something. Something hits you but does no damage.
Something bites you.
Something draws strength from your injuries!
Something hits you but does no damage. Something bites you.
Something draws strength from your injuries!
You completely miss something.
You feel less confused. Something hits you but does no damage.
Something bites you.
* * * LOW HITPOINT WARNING * * *
Something draws strength from your injuries!
You miss something. Something hits you!
* * * LOW HITPOINT WARNING * * *
Something completely misses you.
You slash something! You freeze something. Your headbutt misses something.
Something hits you but does no damage. Something bites you but does no damage.
You closely miss something. You headbutt something. Something hits you!
* * * LOW HITPOINT WARNING * * *
Something bites you!
* * * LOW HITPOINT WARNING * * *
Something draws strength from your injuries!
It was a potion of flight.
You feel very buoyant.
You fly up into the air.
You block something's attack. Something bites you.
You die...

.........##..#
.............###
.......#.....#.#.
.......#.........
................
...............
#...........
#.<{@.......
#..#.........
.....##........
....... ##.......
....... .......
....... .......
....... .......
.....#. ....$..
.......


There were no monsters in sight!

Vanquished Creatures
  Pikel (D:7)
  Joseph (D:7)
  Sigmund (D:4)
  Edmund (D:5)
  Menkaure (D:6)
  Duvessa (D:7)
  An ice beast (D:5)
  2 sky beasts
  3 ogres
  3 necrophages
  2 black bears
  A centaur (D:7)
  A lemure (D:7)
  Blork the orc (D:6)
  2 gnoll sergeants
  A scorpion (D:5)
  Dowan (D:7)
  A wyvern skeleton (D:7)
  2 water moccasin skeletons
  4 wights (D:7)
  2 howler monkeys
  A bullfrog zombie (D:6)
  3 hounds
  2 jellies (D:4)
  An orc priest (D:7)
  A centaur skeleton (D:4)
  A bullfrog skeleton (D:6)
  2 iguanas
  Ijyb (D:4)
  5 orc wizards
  A hound zombie (D:5)
  A hound skeleton (D:4)
  Robin (D:3)
  16 gnolls
  A howler monkey skeleton (D:7)
  6 adders
  A shadow imp (D:5)
  2 white imps
  An ufetubus (D:6)
  An adder skeleton (D:3)
  4 dart slugs
  A worm (D:5)
  20 orcs
  6 endoplasms
  A giant cockroach (D:1)
  16 goblins
  11 hobgoblins
  2 jackals (D:4)
  4 quokkas
  7 ball pythons
  7 bats
  3 frilled lizards
  4 kobolds
  3 rats
170 creatures vanquished.

Notes
Turn   | Place    | Note
-------+----------+-------------------------------------------
     0 | D:1      | 27snakeeyes612 the Minotaur Fighter began the quest for the
                  | Orb.
     0 | D:1      | Reached XP level 1. HP: 19/19 MP: 0/0
   405 | D:1      | Reached XP level 2. HP: 27/27 MP: 1/1
   853 | D:1      | Reached XP level 3. HP: 32/33 MP: 2/2
  1403 | D:2      | Reached skill level 3 in Axes
  1860 | D:3      | Reached XP level 4. HP: 40/40 MP: 3/3
  1936 | D:3      | Identified the +2 helmet of Izov Zist {Str+10 Dex+3}
  1936 | D:3      | Noticed Robin
  1938 | D:3      | Reached skill level 1 in Dodging
  1948 | D:3      | Killed Robin
  2474 | D:3      | Found a faded altar of an unknown god.
  2527 | D:3      | Found Eklep's Jewellery Shop.
  2563 | D:4      | Noticed a necrophage
  2563 | D:4      | Noticed Ijyb
  2591 | D:3      | Killed a necrophage
  2592 | D:3      | Reached skill level 4 in Axes
  2592 | D:3      | Reached skill level 5 in Armour
  2592 | D:3      | Reached skill level 5 in Shields
  2592 | D:3      | Reached XP level 5. HP: 33/47 MP: 4/4
  3249 | D:4      | Found a staircase to the Ecumenical Temple.
  3261 | Temple   | Entered the Ecumenical Temple
  3316 | Temple   | Became a worshipper of Makhleb the Destroyer
  3405 | D:4      | Reached XP level 6. HP: 42/53 MP: 5/5
  3490 | D:4      | Found an opulent altar of Gozag.
  3703 | D:4      | Killed Ijyb
  4062 | D:4      | Noticed Sigmund
  4063 | D:4      | Noticed Edmund
  4083 | D:5      | Entered Level 5 of the Dungeon
  4083 | D:5      | Noticed a sky beast
  4104 | D:5      | Killed a sky beast
  4105 | D:5      | Reached skill level 5 in Axes
  4203 | D:5      | Killed Edmund
  4204 | D:5      | Reached XP level 7. HP: 23/60 MP: 6/6
  4396 | D:4      | Killed Sigmund
  4397 | D:4      | Reached skill level 6 in Axes
  4802 | D:4      | Reached * piety under Makhleb
  5315 | D:5      | Identified the +7 quarterstaff of the Vaults {pain, rF+
                  | Stlth+}
  5337 | D:5      | Reached skill level 5 in Fighting
  5337 | D:5      | Reached XP level 8. HP: 55/68 MP: 7/7
  5487 | D:5      | Reached skill level 7 in Axes
  6166 | D:5      | Reached skill level 8 in Axes
  6264 | D:6      | Noticed Menkaure
  6271 | D:6      | Killed Menkaure
  6280 | D:5      | HP: 1/68 [ice beast (13)]
  6692 | D:6      | Noticed Blork the orc
  6705 | D:6      | Killed Blork the orc
  6705 | D:6      | Reached ** piety under Makhleb
  6706 | D:6      | Reached skill level 9 in Axes
  7138 | D:6      | Reached XP level 9. HP: 70/75 MP: 8/8
  7580 | D:7      | Noticed Duvessa
  7581 | D:7      | Noticed Dowan
  7595 | D:7      | Killed Duvessa
  7598 | D:7      | Killed Dowan
  7726 | D:7      | Noticed Pikel
  8032 | D:7      | Killed Pikel
  8033 | D:7      | Reached skill level 10 in Axes
  8501 | D:7      | Noticed Joseph
  8541 | D:7      | Killed Joseph
  8542 | D:7      | Reached skill level 11 in Axes
  8764 | D:7      | Reached XP level 10. HP: 77/85 MP: 9/9
  9023 | D:8      | HP: 3/86 [something (7)]
  9024 | D:8      | Slain by a vampire

Illustrated notes

Levels and vault maps discovered:
D:1:      shiori_shiawase, layout_basic, minmay_crystal_room
D:2:      layout_rooms, chequers_serial_rivers_room_b
D:3:      layout_rooms, shapermc_ecumenical_altar_mp_vishouse, serial_shops,
          shop_statue, wad_floor_pattern_2, uniq_robin
D:4:      minmay_bubble_buster, layout_layer_cave, old_standard_altar,
          minmay_temple_entry_large_hall, minmay_misc_feat_secret_circle,
          sigmund_edmund_badplayer, uniq_ijyb
D:5:      layout_rooms, hangedman_decor_push, chequers_jeans
D:6:      layout_basic, hangedman_abyss_or_decor_stabs, grunt_ministairs_7,
          uniq_menkaure, uniq_blork_the_orc
D:7:      layout_rooms, uniq_duvessa, uniq_joseph, uniq_pikel
D:8:      layout_cave_pools, serial_shops, nicolae_shop_waterfront,
          kennysheep_diamond, st_stairs_6, minivault_10, uniq_prince_ribbit1
Temple:   kilobyte_greek_temple

Skill      XL: |  1  2  3  4  5  6  7  8  9 |
---------------+----------------------------+-----
Fighting       | 4 5 7 |  7.1
Shields        | 4 5 6 7 8 |  8.4
Armour         | 4 5 6 7 8 |  8.9
Axes           | 3 4 5 6 9 11 | 11.2
Dodging        | 1 2 |  2.5
Stealth        | |  0.8
Evocations     | |  0.3

Action                   |  1- 3 |  4- 6 |  7- 9 | 10-12 || total
-------------------------+-------+-------+-------+-------++-------
Melee: War axe           |   109 |   121 |   271 |       ||   501
       Headbutt          |    19 |    27 |    57 |     5 ||   108
       Hand axe          |       |       |    12 |    30 ||    42
Evoke: Wand              |       |       |     2 |       ||     2
  Use: Scroll            |       |       |    10 |       ||    10
       Potion            |       |       |     7 |     1 ||     8
Armor: Scale mail        |    38 |       |       |       ||    38
       Chain mail        |    17 |    89 |    71 |       ||   177
       Plate armour      |       |       |    58 |    26 ||    84
       Skin              |       |       |     5 |       ||     5
Dodge: Dodged            |    36 |    40 |    78 |     3 ||   157
Block: Kite shield       |    60 |    80 |   210 |     8 ||   358

Table legend: (Time is in decaauts)
 A = Elapsed time spent in this place.
 B = Non-inter-level travel time spent in this place.
 C = Inter-level travel time spent in this place.
 D = Time resting spent in this place.
 E = Time spent auto-exploring this place.
 F = Levels seen in this place.
 G = Mean time per level.
                   A        B        C        D        E       F      G
               +--------+--------+--------+--------+--------+-----+--------+
         Total |   9224 |   9017 |    207 |   2218 |   5378 |   9 | 1024.9 |
       Dungeon |   9123 |   8916 |    207 |   2218 |   5337 |   8 | 1140.4 |
        Temple |    101 |    101 |      0 |      0 |     41 |   1 |  101.0 |
               +--------+--------+--------+--------+--------+-----+--------+

Top non-repeatable levels by time:
     D:4: 1838 daAuts
     D:5: 1732 daAuts
     D:3: 1674 daAuts
     D:6: 1186 daAuts
     D:1: 1131 daAuts
     D:7: 1023 daAuts
     D:2: 505 daAuts
  Temple: 101 daAuts
     D:8: 32 daAuts
